 Dungeon Crawl Stone Soup version 0.29-a0-870-g2c972031a6 (webtiles) character file.

Game seed: 644971679092795909

2366 Demosthentine the Spear-Bearer (level 9, 0/71 HPs)
             Began as a Merfolk Gladiator on July 17, 2022.
             Was a Follower of the Shining One.
             Slain by a six-headed hydra (7 damage)
             ... on level 7 of the Dungeon.
             The game lasted 00:07:27 (8555 turns).

Demosthentine the Spear-Bearer (Merfolk Gladiator)  Turns: 8555, Time: 00:07:27

Health: 0/71       AC:  8    Str: 17    XL:     9   Next: 44%
Magic:  9/9        EV: 16    Int:  7    God:    the Shining One [*.....]
Gold:   217        SH:  9    Dex: 17    Spells: 8/8 levels left

rFire   . . .      SeeInvis .   a - +1 trident (venom)
rCold   . . .      Faith    .   i - +3 warlock's mirror {reflect}
rNeg    . . .      Spirit   .   z - +0 steam dragon scales
rPois   .          Reflect  +   c - +0 helmet
rElec   .          Harm     .   (no cloak)
rCorr   +          Rampage  .   (no gloves)
Will    .....                   k - +0 pair of boots
Stlth   +.........              r - amulet of magic regeneration
HPRegen 0.21/turn               h - ring of resist corrosion
MPRegen 0.51/turn               (no ring)

@: about to teleport, glowing
A: (nimble swimmer 2), mertail
a: Renounce Religion, Divine Shield


You were on level 7 of the Dungeon.
You worshipped the Shining One.
The Shining One was aware of your devotion.
You visited 1 branch of the dungeon, and saw 7 of its levels.
You also visited: Sewer.

You collected 385 gold pieces.
You spent 168 gold pieces at shops.

Inventory:

Hand Weapons
 a - a +1 trident of venom (weapon)
Missiles
 e - 6 javelins (quivered)
Armour
 c - a +0 helmet (worn)
 i - the +3 warlock's mirror (worn) {reflect}
   (You acquired it on level 2 of the Dungeon)

   It can block and reflect piercing ranged attacks and magical attacks against
   the wielder's willpower.
 k - a +0 pair of boots (worn)
 z - +0 steam dragon scales (worn)
Jewellery
 h - a ring of resist corrosion (left hand)
 r - an amulet of magic regeneration (around neck)
Wands
 d - a wand of flame (20)
 u - a wand of roots (7)
Scrolls
 o - 4 scrolls of teleportation
 w - a scroll of fog
 x - 3 scrolls of amnesia
 y - 2 scrolls of identify
Potions
 f - a potion of magic
 g - 2 potions of might
 j - 6 potions of curing {unknown}
 l - 2 potions of lignification
 m - 3 potions of flight {unknown}
 n - 2 potions of berserk rage
 p - a potion of degeneration {unknown}
 q - a potion of haste {unknown}
 s - 2 potions of invisibility {unknown}
 t - a potion of cancellation {unknown}
 v - 2 potions of attraction {unknown}


   Skills:
 + Level 6.4 Fighting
 + Level 8.4 Polearms
 - Level 2.0 Throwing
 + Level 4.0 Armour
 + Level 8.4 Dodging
 + Level 5.1 Shields


You had 8 spell levels left.
You didn't know any spells.
Your spell library contained the following spells:

 Spells                   Type           Power      Damage    Failure   Level
 Slow                     Hex            0%         N/A       52%         1
 Confusing Touch          Hex            0%         N/A       87%         3
 Gell's Gravitas          Tloc           0%         N/A       87%         3
 Teleport Other           Tloc           0%         N/A       87%         3
 Vampiric Draining        Necr           0%         2d6       87%         3
 Animate Armour           Summ/Erth      0%         N/A       99%         4
 Blade Hands              Tmut           0%         N/A       100%        5
 Dispersal                Tloc           0%         N/A       100%        6
 Iron Shot                Conj/Erth      0%         9d1       100%        6


Dungeon Overview and Level Annotations

Branches:
Dungeon (7/15)             Temple (0/1) D:7           Sewer (visited)

Altars:
Fedhas
Nemelex Xobeh
Xom
The Shining One

Shops:
D:1 !:   D:5 *

Annotations:
D:4 Natasha


Innate Abilities, Weirdness & Mutations

((You are very nimble when in or above water. (Stealth+, EV+, Speed+++)))
Your lower body shifts to a powerful aquatic tail in water.


Message History

Key pressed, stopping explore.
No target in view!
Key pressed, stopping explore.
No target in view!
No target in view!
o - 5 scrolls of teleportation (gained 1)
Things that are here:
a +0 dagger; a +0 robe You open the door.
Found a staircase to the Ecumenical Temple.
No target in view!
A six-headed hydra comes into view.
Found a leather armour.
The six-headed hydra roars!
A six-headed hydra is nearby!
You hit the six-headed hydra but do no damage.
The six-headed hydra bites you!
The six-headed hydra closely misses you.
You block the six-headed hydra's attack.
The six-headed hydra bites you! x2; The six-headed hydra bites you.
A six-headed hydra is nearby!
You are too injured to fight recklessly!
A six-headed hydra is nearby!
You are too injured to fight recklessly!
You are too injured to fight recklessly!
A six-headed hydra is nearby!
You are too injured to fight recklessly!
Unknown command.
As you read the scroll of teleportation, it crumbles to dust.
You feel strangely unstable.
The six-headed hydra bites you but does no damage.
The six-headed hydra bites you! The six-headed hydra bites you.
The six-headed hydra misses you. The six-headed hydra bites you!
* * * LOW HITPOINT WARNING * * *
The six-headed hydra closely misses you.
The six-headed hydra attacks as you move away!
The six-headed hydra bites you!
* * * LOW HITPOINT WARNING * * *
The six-headed hydra bites you!
You die...

.......#####
#8..#........##
.......#
#..#...##......#.
.......## #..#.[.#
........# #..#...##
........# #.##....#
####....# #......#
PPP##...# #.##...#
...P#...# #.##D..+
.>..'..># #..@...#
...P#...# #.##8.$.#
PPP##...######.#######
#............###.##
##########.........
##........ #########


You could see a six-headed hydra.

Vanquished Creatures
  A wyvern (D:7)
  A steam dragon (D:7)
  3 black bears
  An orc warrior (D:7)
  2 ogres
  A centaur (D:5)
  A phantom (D:6)
  A kobold brigand (D:7)
  A necrophage (D:6)
  3 scorpions
  2 howler monkeys
  6 hounds
  3 jellies
  4 orc priests
  3 iguanas
  Natasha (twice) (D:4)
  8 orc wizards
  A hell rat (Sewer)
  7 adders
  4 gnolls (D:4)
  7 river rats
  3 white imps
  5 dart slugs
  17 orcs
  5 endoplasms
  4 giant cockroaches
  7 goblins
  4 hobgoblins
  5 jackals (D:4)
  17 kobolds
  3 quokkas
  12 ball pythons
  6 bats
  3 frilled lizards
  12 rats
165 creatures vanquished.

Notes
Turn   | Place    | Note
-------+----------+-------------------------------------------
     0 | D:1      | Demosthentine the Merfolk Gladiator began the quest for the
                  | Orb.
     0 | D:1      | Reached XP level 1. HP: 16/16 MP: 1/1
   314 | D:1      | Reached XP level 2. HP: 23/23 MP: 2/2
   337 | D:1      | Found Uvuzajetakk's Distillery.
   810 | D:1      | Reached XP level 3. HP: 28/28 MP: 3/3
   908 | D:1      | Found Nehistrenu's Book Emporium.
  1177 | D:1      | Bought a potion of might for 48 gold pieces
  1532 | D:2      | Found a faded altar of an unknown god.
  1918 | D:2      | Identified a scroll of acquirement
  1918 | D:2      | Acquired the +3 warlock's mirror {reflect}
  1918 | D:2      | Found the +3 warlock's mirror {reflect}
  2117 | D:3      | Reached skill level 1 in Armour
  2377 | D:3      | Identified the +3 short sword of Umnotasm {flame, Str+5}
  2397 | D:3      | Reached XP level 4. HP: 27/34 MP: 4/4
  2898 | D:3      | Reached skill level 5 in Polearms
  2898 | D:3      | Reached skill level 1 in Shields
  2957 | D:3      | Noticed a black bear
  2960 | D:3      | Reached XP level 5. HP: 39/41 MP: 5/5
  2979 | D:3      | Killed a black bear
  2980 | D:3      | Reached skill level 5 in Dodging
  3499 | D:1      | Bought a potion of berserk rage for 60 gold pieces
  3499 | D:1      | Bought a potion of heal wounds for 60 gold pieces
  3645 | D:4      | Reached XP level 6. HP: 39/47 MP: 6/6
  3722 | D:4      | Noticed Natasha
  3731 | D:4      | Killed Natasha
  3971 | D:4      | Noticed Natasha
  3999 | D:4      | HP: 1/48 [Natasha (6)]
  4002 | D:4      | Killed Natasha
  4137 | D:4      | Noticed Natasha
  4518 | D:4      | Found a glowing golden altar of the Shining One.
  4671 | D:4      | Reached XP level 7. HP: 39/54 MP: 7/7
  4749 | D:4      | Became a worshipper of the Shining One
  4870 | D:5      | Entered Level 5 of the Dungeon
  4911 | D:5      | Found a shimmering altar of Xom.
  4988 | D:5      | Found Baydd's Assorted Antiques.
  5201 | D:5      | Reached XP level 8. HP: 45/61 MP: 8/8
  5224 | D:5      | Found a glowing drain.
  5255 | Sewer    | Entered a sewer
  5660 | D:5      | Reached skill level 5 in Fighting
  5888 | D:5      | Found a sparkling altar of Nemelex Xobeh.
  7289 | D:6      | Found a blossoming altar of Fedhas.
  7385 | D:6      | Reached XP level 9. HP: 48/69 MP: 9/9
  7924 | D:7      | Reached * piety under the Shining One
  8456 | D:7      | Reached skill level 5 in Shields
  8531 | D:7      | Found a staircase to the Ecumenical Temple.
  8550 | D:7      | Noticed a six-headed hydra
  8555 | D:7      | Slain by a six-headed hydra

Illustrated notes

Levels and vault maps discovered:
D:1:      dpeg_arrival_tiny_a, layout_basic, serial_shops, nicolae_square_shop,
          nicolae_shop_statue_plus
D:2:      layout_basic, hellmonk_ecumenical_altar_zigzags,
          minmay_misc_feat_five, grunt_ministairs_6
D:3:      layout_basic, minmay_divided_ellipse
D:4:      layout_loops_cross, lemuel_coloured_pillars_altar, uniq_natasha
D:5:      minmay_skewed_foursquare, layout_rooms, general_overflow_altar,
          lemuel_doored_altar, portal_sewer_entry_b, serial_shops, shop
D:6:      layout_basic, kennysheep_little_box
D:7:      hellmonk_crumbling_castle, layout_basic, lemuel_round_altar,
          minmay_temple_entry_enclosed_plants, minmay_joined_circles

Skill      XL: |  1  2  3  4  5  6  7  8  9 |
---------------+----------------------------+-----
Armour         | 1 2 3 4 |  4.0
Fighting       | 3 4 5 6 |  6.4
Polearms       | 5 6 7 8 |  8.4
Shields        | 1 2 3 4 5 |  5.1
Dodging        | 5 6 7 8 |  8.4
Throwing       | |  2.0

Action                   |  1- 3 |  4- 6 |  7- 9 || total
-------------------------+-------+-------+-------++-------
Melee: Trident           |   111 |   172 |   386 ||   669
       Punch             |     1 |       |       ||     1
       Tailslap          |       |       |     1 ||     1
Throw: Throwing net      |       |     3 |     1 ||     4
  Use: Scroll            |     7 |     1 |     8 ||    16
       Potion            |       |     2 |     4 ||     6
 Stab: Sleeping          |     7 |     1 |       ||     8
       Held in net/web   |       |     2 |       ||     2
Armor: Leather armour    |    20 |    30 |    42 ||    92
       Steam dragon scal |       |       |    10 ||    10
Dodge: Dodged            |    50 |    71 |   172 ||   293
Block: Buckler           |     2 |    59 |   141 ||   202
       Reflection        |       |     7 |     8 ||    15

Table legend: (Time is in decaauts)
 A = Elapsed time spent in this place.
 B = Non-inter-level travel time spent in this place.
 C = Inter-level travel time spent in this place.
 D = Time resting spent in this place.
 E = Time spent auto-exploring this place.
 F = Levels seen in this place.
 G = Mean time per level.
                   A        B        C        D        E       F      G
               +--------+--------+--------+--------+--------+-----+--------+
         Total |   8562 |   8118 |    444 |    828 |   5785 |   8 | 1070.2 |
       Dungeon |   8197 |   7753 |    444 |    828 |   5506 |   7 | 1171.0 |
         Sewer |    365 |    365 |      0 |      0 |    279 |   1 |  365.0 |
               +--------+--------+--------+--------+--------+-----+--------+

Top non-repeatable levels by time:
     D:3: 1508 daAuts
     D:5: 1449 daAuts
     D:4: 1286 daAuts
     D:1: 1265 daAuts
     D:6: 1013 daAuts
     D:7: 840 daAuts
     D:2: 833 daAuts
   Sewer: 365 daAuts
